 Dungeon Crawl Stone Soup version 0.31-a0-700-gf13585253f (webtiles) character file.

Game seed: 11898306169295638274

10713 gruber the Destroyer (level 11, 0/64 HPs)
             Began as a Deep Elf Conjurer on Sept 7, 2023.
             Was a Believer of Vehumet.
             Slain by a centaur warrior
             ... wielding a +4 broad axe of flaming
              (3 damage)
             ... on level 11 of the Dungeon.
             The game lasted 00:20:03 (12318 turns).

gruber the Destroyer (Deep Elf Conjurer)           Turns: 12318, Time: 00:20:04

Health: 0/64       AC:  8    Str:  4    XL:     11   Next: 39%
Magic:  25/25      EV: 22    Int: 28    God:    Vehumet [**....]
Gold:   367        SH: 10    Dex: 32    Spells: 16/26 levels left

rFire   . . .        P - +3 hand axe "Wuithaif" {freeze, Dex+3}
rCold   + . .        Q - +2 buckler {rPois}
rNeg    . . .        J - +2 robe {rC+}
rPois   +            q - +2 helmet of Cedoadgh {Dex+4}
rElec   .            (no cloak)
rCorr   .            (no gloves)
SInv    .            z - +0 pair of boots
Will    +....        G - amulet of regeneration
Stlth   +++++        s - +6 ring of dexterity
HPRegen 1.10/turn    M - +6 ring of dexterity
MPRegen 0.19/turn

%: no passive effects
@: no status effects
A: no striking features
a: Renounce Religion


You were on level 11 of the Dungeon.
You worshipped Vehumet.
Vehumet was pleased with you.
You visited 2 branches of the dungeon, and saw 12 of its levels.

You collected 644 gold pieces.
You spent 277 gold pieces at shops.

Inventory:

Hand Weapons
 P - the +3 hand axe "Wuithaif" (weapon) {freeze, Dex+3}
   (You took it off an orc wizard on level 10 of the Dungeon)

   Dex+3:     It affects your dexterity (+3).
Missiles
 L - a curare-tipped dart
 O - a throwing net
Armour
 q - the +2 helmet of Cedoadgh (worn) {Dex+4}
   (You found it on level 3 of the Dungeon)

   Dex+4:     It affects your dexterity (+4).
 z - a +0 pair of boots (worn)
 C - the +0 leather armour of Death Resistance {rElec rC+}
   (You found it on level 6 of the Dungeon)

   rC+:       It protects you from cold.
   rElec:     It insulates you from electricity.
 J - a +2 robe of cold resistance (worn)
 Q - a +2 buckler of poison resistance (worn)
Jewellery
 s - a +6 ring of dexterity (left hand)
 G - an amulet of regeneration (around neck)
 H - a ring of positive energy
 M - a +6 ring of dexterity (right hand)
Wands
 n - a wand of iceblast (4)
 y - a wand of mindburst (11)
 N - a wand of flame (23)
Scrolls
 c - 3 scrolls of poison {unknown}
 d - 12 scrolls of identify {unknown}
 h - 3 scrolls of fear {unknown}
 i - 4 scrolls of teleportation {unknown}
 j - a scroll of enchant weapon {unknown}
 l - a scroll of immolation {unknown}
 m - a scroll of revelation {unknown}
 t - 3 scrolls of enchant armour {unknown}
 w - a scroll of vulnerability {unknown}
 A - a scroll of blinking {unknown}
 I - a scroll of brand weapon {unknown}
 K - a scroll of noise {unknown}
Potions
 a - a potion of attraction {unknown}
 e - 2 potions of might {unknown}
 f - 6 potions of curing
 g - 2 potions of ambrosia {unknown}
 k - 2 potions of degeneration {unknown}
 o - a potion of resistance {unknown}
 p - a potion of berserk rage {unknown}
 r - 2 potions of brilliance {unknown}
 u - 2 potions of enlightenment {unknown}
 v - 2 potions of lignification {unknown}
 x - 2 potions of heal wounds {unknown}
 B - 2 potions of mutation {unknown}
 D - 6 potions of haste {unknown}
 E - 2 potions of cancellation {unknown}


   Skills:
 - Level 6.0 Fighting
 - Level 9.3 Dodging
 - Level 10.1 Stealth
 - Level 5.3 Shields
 - Level 8.4 Spellcasting
 * Level 10.7 Conjurations
 - Level 2.0 Translocations


You had 16 spell levels left.
You knew the following spells:

 Your Spells              Type           Power      Damage    Failure   Level
a - Magic Dart            Conj           100%       1d8       1%          1
b - Searing Ray           Conj           100%       2d8       1%          2
c - Iskenderun's Mystic   Conj/Tloc      47%        2d10      6%          4
d - Mephitic Cloud        Conj/Pois/Air  31%        N/A       5%          3

Your spell library contained the following spells:

 Spells                   Type           Power      Damage    Failure   Level
 Shock                    Conj/Air       100%       1d9       1%          1
 Dazzling Flash           Conj/Hex       82%        N/A       2%          3
 Fulminant Prism          Conj/Hex       20%        3d12      9%          4
 Volatile Blastmotes      Fire/Tloc      34%        2d12      16%         3
 Swiftness                Air            11%        N/A       24%         3
 Airstrike                Air            5%         2d(1-17)  63%         4
 Starburst                Conj/Fire      20%        6d7       80%         6
 Maxwell's Capacitive Co  Air            5%         ∞         100%        8


Dungeon Overview and Level Annotations

Branches:
Dungeon (11/15)            Temple (1/1) D:5             Orc (0/2) D:10
   Lair: D:8-11

Altars:
Ashenzari
Cheibriados
Dithmenos
Elyvilon
Fedhas
Hepliaklqana
Kikubaaqudgha
Makhleb
Nemelex Xobeh
Okawaru
Qazlal
Ru
Sif Muna
Trog
Uskayaw
Vehumet
Xom
Yredelemnul
Zin
The Shining One

Shops:
D:1 [[:!   D:4 *   D:5 =   D:9 =(*[:   D:10 ([

Annotations:
D:9 2 runed translucent doors
D:10 1 transporter, bmj180's ghost, novice DrCj


Message History

You finish memorising.
You add the spell Mephitic Cloud to your library.
Spell assigned to 'd'.
Unknown command.
Unknown command.
Unknown command.
You climb downwards.
The centaur warrior shoots an arrow.
The arrow hits you!
The orc throws a boomerang.
You block the boomerang.
The centaur warrior shoots an arrow.
The arrow completely misses you.
The orc throws a boomerang.
The boomerang misses you.
There is a stone staircase leading up, spattered with blood here.
The centaur warrior shoots an arrow.
The arrow hits you!
Items here: $ ) = [.
The centaur warrior shoots an arrow.
The arrow hits you!
The centaur warrior unwields a +0 orcbow.
The centaur warrior wields a +4 broad axe of flaming.
It bursts into flame!
The centaur warrior barely misses you.
The centaur warrior kicks you but does no damage.
Casting: Searing Ray (safe; 1% risk of failure)
Confirm with . or Enter, or press ? or * to list all spells.
Okay, then.
You block the centaur warrior's attack.
The centaur warrior kicks you but does no damage.
The centaur warrior closely misses you. The centaur warrior kicks you.
The centaur warrior hits you with a +4 broad axe of flaming!!
* * * LOW HITPOINT WARNING * * *
The centaur warrior burns you.
* * * LOW HITPOINT WARNING * * *
You block the centaur warrior's attack.
Unknown command.
It was a potion of curing.
You feel better.
The centaur warrior hits you with a +4 broad axe of flaming.
* * * LOW HITPOINT WARNING * * *
The centaur warrior burns you.
* * * LOW HITPOINT WARNING * * *
The centaur warrior kicks you but does no damage.
The centaur warrior hits you with a +4 broad axe of flaming!
* * * LOW HITPOINT WARNING * * *
The centaur warrior burns you.
You die...

..# .## ..# .. ...
).#### ... #.. ...).
...####.########...#
>..................#
...........@.......#
...........c..)<..)####
.........######o......#
....###..# #[....... .
#..# #........ #..#
#..###### #..# #o.#
#..######..#
#...o.W....#


You could see a centaur warrior and an orc.

Vanquished Creatures
  Pikel (D:9)
  An orc knight (D:11)
  A manticore (D:10)
  2 ugly things (D:10)
  A centaur zombie (D:11)
  A gargoyle (D:11)
  A freezing wraith (D:10)
  A hornet (D:11)
  A meliai (D:11)
  3 trolls
  2 wraiths
  3 shadows
  3 wyverns
  4 yaks
  3 vampire mosquitoes (D:11)
  Menkaure (D:5)
  An acid dragon (D:11)
  A water moccasin (D:7)
  3 ice beasts (D:6)
  8 orc warriors
  2 ogres
  A phantom (D:6)
  2 centaurs
  4 lemures (D:9)
  2 kobold brigands
  4 scorpions
  9 wights (D:8)
  15 killer bees
  4 howler monkeys
  2 quasits (D:6)
  5 hounds
  A gnoll bouda (D:6)
  10 orc priests
  Jessica (D:3)
  A sleepcap (D:6)
  2 iguanas (D:4)
  20 orc wizards
  10 gnolls
  5 adders
  7 shadow imps
  2 white imps (D:6)
  A worm (D:3)
  A dart slug (D:5)
  39 orcs
  6 bats
  3 endoplasms
  2 giant cockroaches (D:1)
  11 goblins
  A hobgoblin (D:2)
  6 jackals
  20 kobolds
  3 quokkas
  7 ball pythons
  A frilled lizard (D:1)
  3 rats
255 creatures vanquished.

Notes
Turn   | Place    | Note
-------+----------+-------------------------------------------
     0 | D:1      | gruber the Deep Elf Conjurer began the quest for the Orb.
     0 | D:1      | Reached XP level 1. HP: 10/10 MP: 6/6
    12 | D:1      | Found Nojomoet's Armour Boutique.
   128 | D:1      | Reached XP level 2. HP: 15/15 MP: 6/8
   194 | D:1      | Reached skill level 5 in Conjurations
   246 | D:1      | Found Javupt's Book Boutique.
   510 | D:1      | Found Geaxirom's Antique Armour Shop.
   657 | D:1      | Found Fotunoje's Armour Boutique.
   671 | D:1      | Found Reoneb Toji's Distillery.
   896 | D:2      | Reached XP level 3. HP: 19/19 MP: 5/9
   899 | D:2      | Learned a level 2 spell: Searing Ray
  1682 | D:3      | Identified the +2 helmet of Cedoadgh {Dex+4}
  1683 | D:3      | Noticed Jessica
  1686 | D:3      | Killed Jessica
  1687 | D:3      | Reached XP level 4. HP: 24/24 MP: 6/10
  2297 | D:4      | Noticed an ogre
  2329 | D:3      | Learned a level 4 spell: Iskenderun's Mystic Blast
  2344 | D:4      | Noticed a scorpion
  2349 | D:4      | Killed a scorpion
  2350 | D:4      | Reached XP level 5. HP: 28/28 MP: 6/11
  2669 | D:4      | Found Vouk Mor's Assorted Antiques.
  2678 | D:4      | Killed an ogre
  2679 | D:4      | Reached XP level 6. HP: 32/32 MP: 4/12
  3022 | D:4      | Found a basalt altar of Yredelemnul.
  3022 | D:4      | Found a stormy altar of Qazlal.
  3022 | D:4      | Found a white marble altar of Elyvilon.
  3179 | D:5      | Entered Level 5 of the Dungeon
  3468 | D:5      | Reached XP level 7. HP: 36/36 MP: 10/13
  3873 | D:5      | Found Xonyof's Jewellery Shop.
  3934 | D:5      | Noticed Menkaure
  3938 | D:5      | Killed Menkaure
  3939 | D:5      | Reached skill level 10 in Conjurations
  4598 | D:5      | Found a staircase to the Ecumenical Temple.
  4733 | Temple   | Entered the Ecumenical Temple
  4769 | D:6      | Reached skill level 5 in Spellcasting
  4774 | D:6      | Reached XP level 8. HP: 41/41 MP: 7/18
  4889 | D:6      | Identified the +0 leather armour of Death Resistance {rElec
                  | rC+}
  5888 | D:6      | Found a radiant altar of Vehumet.
  5894 | D:6      | Became a worshipper of Vehumet
  5958 | D:7      | Reached skill level 5 in Dodging
  6353 | D:7      | Reached XP level 9. HP: 45/45 MP: 16/23
  7280 | D:8      | Reached * piety under Vehumet
  7280 | D:8      | Offered knowledge of Foxfire by Vehumet.
  7442 | D:8      | Reached skill level 5 in Stealth
  8004 | D:9      | Noticed Pikel
  8018 | D:9      | Killed Pikel
  8019 | D:9      | Reached XP level 10. HP: 36/50 MP: 2/24
  8142 | D:9      | Found Zubbeec's Antique Armour Boutique.
  8377 | D:9      | Reached skill level 10 in Stealth
  8389 | D:9      | Found Vomeyd's Book Emporium.
  8410 | D:9      | Reached skill level 1 in Fighting
  8860 | D:9      | Found Wuv Rung's Jewellery Shoppe.
  8863 | D:9      | Found Zostusch's Weapon Emporium.
  8999 | D:9      | Reached ** piety under Vehumet
  8999 | D:9      | Offered knowledge of Static Discharge by Vehumet.
  9104 | D:9      | Found Yletoitt's General Store.
  9117 | D:9      | Found a large runed translucent door.
  9118 | D:9      | Found a large runed translucent door.
  9164 | D:9      | Noticed a two-headed ogre
  9204 | D:10     | Entered Level 10 of the Dungeon
  9933 | D:10     | Reached skill level 5 in Fighting
 10236 | D:10     | Identified the +3 hand axe "Wuithaif" {freeze, Dex+3}
 10450 | D:10     | Found a transporter.
 10451 | D:10     | Noticed bmj180's ghost (novice DrCj)
 10454 | D:10     | Identified the +5 dire flail "Veithuniufi" {venom, +Blink
                  | rElec rC+ Int+4}
 10454 | D:10     | Noticed a two-headed ogre
 10464 | D:10     | Noticed a two-headed ogre
 10573 | D:10     | Found Meyh's Armour Shoppe.
 10574 | D:10     | Found a staircase to the Orcish Mines.
 10574 | D:10     | Found Joco's Weapon Shoppe.
 10649 | D:10     | Bought a +2 buckler of poison resistance for 277 gold
                  | pieces
 10711 | D:11     | Noticed a gargoyle
 10713 | D:11     | Offered knowledge of Mephitic Cloud by Vehumet.
 10715 | D:11     | Reached skill level 1 in Shields
 10811 | D:11     | Killed a gargoyle
 10817 | D:11     | Reached XP level 11. HP: 64/64 MP: 9/25
 10977 | D:11     | Noticed a boulder beetle
 10977 | D:11     | Noticed a cyan ugly thing
 10978 | D:11     | Noticed a two-headed ogre
 10981 | D:11     | Noticed an orc knight
 11121 | D:11     | Noticed a white ugly thing
 11298 | D:11     | Noticed an orc knight
 11440 | D:11     | Killed an orc knight
 11614 | D:11     | Noticed a centaur warrior
 11663 | D:11     | Noticed a wizard
 11742 | D:11     | Reached skill level 5 in Shields
 11865 | D:11     | Noticed a boulder beetle
 12001 | D:11     | Noticed a cyan ugly thing
 12005 | D:11     | Noticed a red ugly thing
 12181 | D:10     | Killed a red ugly thing
 12195 | D:10     | Killed a cyan ugly thing
 12311 | D:10     | Learned a level 3 spell: Mephitic Cloud
 12318 | D:11     | HP: 3/64 [centaur warrior/+4 broad axe of flaming (7)]
 12318 | D:11     | Slain by a centaur warrior

Illustrated notes

Levels and vault maps discovered:
D:1:      psy_arrival_terrarium, layout_loops_ring, serial_shops, shop, shop,
          shop, shop, nicolae_shop_statue_plus
D:2:      layout_basic
D:3:      layout_basic, uniq_jessica
D:4:      layout_cave_pools, gammafunk_temple_overflow_forgotten, serial_shops,
          shop_fountains, dreamdust_mushroom_princess
D:5:      layout_loops_corners, minmay_temple_entry_enclosed_plants,
          serial_shops, nicolae_shop_just_a_little_nook, uniq_menkaure
D:6:      layout_cave_pools, fiery_altar_vehumet, serial_demonic,
          serial_demonic_b, serial_demonic_d, serial_demonic_a,
          serial_demonic_d, grunt_decor_mini_mirrors,
          nicolae_kite_square_tiling_tiny
D:7:      layout_basic, chequers_decorated_corner
D:8:      layout_basic, hangedman_decor_peaks_small, kennysheep_generic_room_8
D:9:      layout_basic, jmf_multi_god_temple2, serial_shops, shop, shop, shop,
          shop, shop, uniq_pikel
D:10:     layout_roguey, orc_david_3, serial_corexii_hall,
          corexii_hall_statues_l, chequers_hall_statues_corner_a,
          corexii_hall_statues_i, gammafunk_ghost_smash, enter_bailey_2
D:11:     minmay_the_grid_square_5x5_5x5 [minmay_the_grid_square_5x5_spiral,
          minmay_the_grid_square_5x5_sharp_hourglass,
          minmay_the_grid_square_5x5_three_small,
          minmay_the_grid_square_5x5_almost_minimal,
          minmay_the_grid_square_5x5_inverted_slash,
          minmay_the_grid_square_5x5_checkered,
          minmay_the_grid_square_5x5_prize_monsterx,
          minmay_the_grid_square_5x5_minimal,
          minmay_the_grid_square_5x5_prize_waves,
          minmay_the_grid_square_5x5_moneybag,
          minmay_the_grid_square_5x5_detours, minmay_the_grid_square_5x5_bite,
          minmay_the_grid_square_5x5_prize_snowflake,
          minmay_the_grid_square_5x5_inner_z, minmay_the_grid_square_5x5_v,
          minmay_the_grid_square_5x5_percent,
          minmay_the_grid_square_5x5_prize_deathbox,
          minmay_the_grid_square_5x5_three_walls,
          minmay_the_grid_square_5x5_prize_junk,
          minmay_the_grid_square_5x5_minibox,
          minmay_the_grid_square_5x5_trominoes,
          minmay_the_grid_square_5x5_beaten_path,
          minmay_the_grid_square_5x5_six_small, minmay_the_grid_square_5x5_mess,
          minmay_the_grid_square_5x5_inset], layout_small_grid,
          lair_entry_dummy, serial_undead, serial_undead_b, serial_undead_a,
          serial_undead_f, serial_undead_f, serial_undead_b, kennysheep_nub,
          glass_columns_c, library_closet, zin_angel
Temple:   nicolae_temple_elliptical

Skill      XL: |  1  2  3  4  5  6  7  8  9 10 11 |
---------------+----------------------------------+-----
Conjurations   | 5 6 7 8 9 10 | 10.7
Spellcasting   | 5 8 |  8.4
Dodging        | 7 9 |  9.3
Stealth        | 9 10 | 10.1
Fighting       | 6 |  6.0
Translocations | 2 |  2.0
Shields        | 2 5 |  5.3

Action                     |  1- 3 |  4- 6 |  7- 9 | 10-12 || total
---------------------------+-------+-------+-------+-------++-------
  Melee: Dagger            |       |       |     3 |    13 ||    16
   Cast: Magic Dart        |    62 |    48 |    98 |    44 ||   252
         Searing Ray       |       |    13 |    62 |    51 ||   126
         Iskenderun's Myst |       |       |     2 |    88 ||    90
  Evoke: Wand              |       |       |       |     6 ||     6
    Use: Potion            |       |       |       |     2 ||     2
 Armour: Robe              |     1 |     6 |    12 |    77 ||    96
         Leather armour    |       |       |    41 |       ||    41
  Dodge: Dodged            |     2 |     5 |    60 |   139 ||   206
  Block: Buckler           |       |       |       |    50 ||    50

Table legend: (Time is in decaauts)
 A = Elapsed time spent in this place.
 B = Non-inter-level travel time spent in this place.
 C = Inter-level travel time spent in this place.
 D = Time resting spent in this place.
 E = Time spent auto-exploring this place.
 F = Levels seen in this place.
 G = Mean time per level.
                   A        B        C        D        E       F      G
               +--------+--------+--------+--------+--------+-----+--------+
         Total |  12377 |  11659 |    718 |   1308 |   8783 |  12 | 1031.4 |
       Dungeon |  12376 |  11660 |    716 |   1308 |   8783 |  11 | 1125.1 |
        Temple |      1 |      0 |      1 |      0 |      0 |   1 |    1.0 |
               +--------+--------+--------+--------+--------+-----+--------+

Top non-repeatable levels by time:
    D:10: 2371 daAuts
     D:9: 1542 daAuts
     D:5: 1479 daAuts
     D:8: 1343 daAuts
     D:6: 1172 daAuts
     D:4: 913 daAuts
     D:7: 861 daAuts
     D:3: 838 daAuts
     D:1: 804 daAuts
     D:2: 728 daAuts
    D:11: 319 daAuts
  Temple: 1 daAuts
